AoeStats
← marc10der

Arabia

510116699Analyzed
1v1 RM · 2d ago on Sep 29, 2026· 67m 17s· 2 players
Game mode
Random Map
Map size
Tiny (2 player)
Population
200
Speed
Normal
Resources
Standard
Victory
Conquest
Starting age
Dark Age
Ending age
Imperial Age
RankedLock teamsTeams togetherTeam positionsShared explorationLock speedFull tech treeHidden civsTurbo modeCheats
Victory
Defeat
🇨🇳 Varangians · China
810
+15
🇨🇭 Japanese · Switzerland
792
-15
marc10der
3:04 Loom
10:59 Feudal Age
23:45 Castle Age
22:34 Gold Mining
22:36 Stone Mining
28:58 Horse Collar
34:30 Imperial Age
32:40 Heavy Plow
36:41 Wheelbarrow
35:51 Town Watch
38:35 Double-Bit Axe
40:53 Hand Cart
57:26 Pikeman
58:07 Squires
61:16 Halberdier
848e0d88
1:03 Loom
11:43 Feudal Age
15:43 Bloodlines
16:37 Scale Barding Armor
16:27 Horse Collar
25:47 Castle Age
24:06 Forging
24:49 Gold Mining
24:54 Stone Mining
27:07 Fletching
28:02 Husbandry
29:27 Wheelbarrow
32:38 Bodkin Arrow
36:35 Guard Tower
36:41 Murder Holes
37:38 Stone Shaft Mining
40:37 Imperial Age
39:06 Chain Barding Armor
39:22 Iron Casting
40:18 Heavy Plow
41:11 Cavalier
44:18 Plate Barding Armor
44:44 Blast Furnace
48:21 Vendel Legacy
51:12 Conscription
50:54 Double-Bit Axe
53:05 Elite Jarl
54:51 Bracer
58:10 Town Watch
58:40 Hand Cart
61:11 Town Patrol
63:24 Spies/Treason
64:51 Bow Saw
65:57 Ballistics
66:38 Chemistry
Connection lost

Rejoining the realm…

Still unreachable

The connection could not be restored.

Session expired

The server has moved on; the page needs a fresh start.